 Dungeon Crawl Stone Soup version 0.27.1-33-g824d729ab1 (webtiles) character file.

Game seed: 3764125549700366472

407 SensoryNuts the Skirmisher (level 6, -5/67 HPs)
             Began as an Ogre Monk on Dec 6, 2021.
             Was an Initiate of Ashenzari.
             Slain by a water moccasin zombie (7 damage)
             ... on level 5 of the Dungeon.
             The game lasted 00:07:27 (5249 turns).

SensoryNuts the Skirmisher (Ogre Monk)              Turns: 5249, Time: 00:07:28

Health: -5/67      AC:  3    Str: 18    XL:     6   Next: 88%
Magic:  6/6        EV: 11    Int: 11    God:    Ashenzari [......]
Gold:   105        SH:  0    Dex: 11    Spells: 5/5 levels left

rFire    . . .     SeeInvis .   i - +1 dagger (speed)
rCold    + . .     Faith    .   (no shield)
rNeg     . . .     Spirit   .   b - +0 robe
rPois    .         Reflect  .   (helmet restricted)
rElec    .         Harm     .   h - scarf {shadows}
rCorr    .         Rampage  .   (gloves unavailable)
Will     .....                  (boots unavailable)
Stlth    ++........             (no amulet)
HPRegen  0.21/turn              l - ring of protection from cold
MPRegen  0.10/turn              (no ring)

@: no status effects
A: large, unfitting armour, tough skin 1, wild magic 1
a: Renounce Religion, Curse Item


You were on level 5 of the Dungeon.
You worshipped Ashenzari.
Ashenzari was noncommittal.
You visited 1 branch of the dungeon, and saw 5 of its levels.

You collected 105 gold pieces.

Inventory:

Hand Weapons
 a - a +0 spear
 i - a +1 dagger of speed (weapon)
 j - a +0 dagger
 r - a +0 trident
Missiles
 g - 7 silver javelins (quivered)
Armour
 b - a +0 robe (worn)
 h - a scarf of shadows (worn)
 k - a +0 robe
 o - a +0 pair of gloves
 q - a +0 helmet
 v - a +0 pair of boots
 x - a +2 cloak
 y - a +2 buckler of protection
Jewellery
 c - a ring of wizardry
 l - a ring of protection from cold (left hand)
Scrolls
 d - a scroll of silence
 e - a scroll of teleportation
 f - 3 scrolls of identify
 m - a scroll of enchant weapon
 s - a scroll of noise
 u - a scroll of amnesia
Potions
 p - a potion of attraction
 t - 2 potions of degeneration
 w - a potion of cancellation


   Skills:
 + Level 5.7 Fighting
 + Level 2.5 Short Blades
 + Level 4.0 Polearms
 + Level 4.4 Dodging
 + Level 2.2 Stealth


You had 5 spell levels left.
You didn't know any spells.
Your spell library contained the following spells:

 Spells                   Type           Power      Damage    Failure   Level
 Conjure Flame            Conj/Fire      0%         6-21      78%         3
 Ignite Poison            Fire/Tmut/Pois 0%         N/A       78%         3
 Sticky Flame             Conj/Fire      0%         2d3       99%         4


Dungeon Overview and Level Annotations

Branches:
Dungeon (5/15)
 Temple: D:4-7

Altars:
Ashenzari
Trog


Innate Abilities, Weirdness & Mutations

You are too large for most types of armour.
You have tough skin. (AC +1)
Your spells are a little harder to cast, but a little more powerful.


Message History

A jelly is nearby!
A jelly is nearby!
Found a bloodstained altar of Trog.
Flames erupt from the bowels of the wizard!
Trog roars with satisfaction!
The wizard is engulfed in blazing flames.
The wizard is engulfed in blazing flames.
Your extra speed is starting to run out.
A jelly is nearby!
A jelly is nearby!
A jelly is nearby!
You feel yourself slow down. The jelly barely misses you.
You puncture the jelly!
Your hands burn!
* * * LOW HITPOINT WARNING * * *
The jelly is heavily wounded.
The jelly closely misses you.
You barely miss the jelly.
The jelly is heavily wounded.
You puncture the jelly!
You kill the jelly!
You feel a little less mighty now. The water moccasin zombie bites you.
* * * LOW HITPOINT WARNING * * *
The water moccasin zombie misses you.
You hit the water moccasin zombie.
The water moccasin zombie is lightly damaged.
The water moccasin zombie bites you.
* * * LOW HITPOINT WARNING * * *
You hit the water moccasin zombie.
The water moccasin zombie is lightly damaged.
The water moccasin zombie closely misses you.
You closely miss the water moccasin zombie.
The water moccasin zombie is lightly damaged.
The water moccasin zombie barely misses you.
You closely miss the water moccasin zombie.
The water moccasin zombie is lightly damaged.
You barely miss the water moccasin zombie.
The water moccasin zombie is lightly damaged.
The water moccasin zombie bites you!
You die...

###...........>=
...<...........
#$...........#######
###............#.....#
...............#.###.#
###..JZ#.......#.#†#.#
#....##.....##.###.#
#Z.######.####Z....#
##.## .# #@._..#
##..## ## #.....#
.....# ###.### ...#.#
#.# #.# .###.## #.#
##.# . #.J###.# #..#
##...#.#######.##
##.....Z......#
#.....J#######


You could see a water moccasin zombie.

Vanquished Creatures
  A necrophage (D:4)
  A bullfrog (D:4)
  A water moccasin skeleton (D:4)
  A bullfrog zombie (D:5)
  A jelly (D:5)
  Jessica (D:2)
  5 adders
  A shadow imp (D:5)
  A dart slug (D:4)
  An orc (D:4)
  4 endoplasms
  4 giant cockroaches
  6 goblins
  8 hobgoblins
  2 jackals (D:4)
  12 kobolds
  2 quokkas
  4 ball pythons
  7 bats
  5 frilled lizards
68 creatures vanquished.

Vanquished Creatures (others)
  A wizard (D:5)
  2 withered plants (D:1)
3 creatures vanquished.

Grand Total: 71 creatures vanquished

Notes
Turn   | Place    | Note
-------+----------+-------------------------------------------
     0 | D:1      | SensoryNuts the Ogre Monk began the quest for the Orb.
     0 | D:1      | Reached XP level 1. HP: 24/24 MP: 1/1
   404 | D:1      | Reached XP level 2. HP: 32/32 MP: 2/2
   906 | D:1      | Found a faded altar of an unknown god.
   926 | D:1      | Became a worshipper of Ashenzari the Shackled
  1230 | D:1      | Reached XP level 3. HP: 40/40 MP: 3/3
  1969 | D:2      | Reached XP level 4. HP: 19/49 MP: 4/4
  2449 | D:2      | Noticed Jessica
  2460 | D:2      | Killed Jessica
  2966 | D:3      | HP: 2/49 [poisoned by an adder]
  2979 | D:3      | HP: 1/49 [kobold (2)]
  3964 | D:4      | Noticed a bullfrog
  3977 | D:4      | Killed a bullfrog
  3978 | D:4      | Reached skill level 5 in Fighting
  3978 | D:4      | Reached skill level 1 in Short Blades
  3978 | D:4      | Reached XP level 5. HP: 28/57 MP: 5/5
  4298 | D:4      | Reached XP level 6. HP: 43/66 MP: 6/6
  4465 | D:4      | Noticed a necrophage
  4507 | D:4      | Killed a necrophage
  5092 | D:4      | Gained mutation: Your spells are a little harder to cast,
                  | but a little more powerful. [potion of mutation]
  5102 | D:5      | Entered Level 5 of the Dungeon
  5173 | D:5      | HP: 2/66 [hound (2)]
  5212 | D:5      | Found a bloodstained altar of Trog.
  5216 | D:5      | Noticed a wizard
  5223 | D:5      | Killed a wizard
  5245 | D:5      | HP: 2/67 [water moccasin zombie (5)]
  5249 | D:5      | Slain by a water moccasin zombie

Illustrated notes

Levels and vault maps discovered:
D:1:      scummos_arrival_forest, layout_loops_ring,
          ebering_ecumenical_altar_petrified, minmay_bisected
D:2:      layout_basic, uniq_jessica
D:3:      layout_basic, grunt_ministairs_15
D:4:      layout_rooms
D:5:      layout_rooms, trog_wizard, wad_rectangle_vault

Skill      XL: |  1  2  3  4  5  6 |
---------------+-------------------+-----
Dodging        | 3 4 |  4.4
Polearms       | 4 |  4.0
Fighting       | 5 |  5.7
Short Blades   | 1 2 |  2.5
Stealth        | 2 |  2.2

Action                   |  1- 3 |  4- 6 || total
-------------------------+-------+-------++-------
Melee: Spear             |   217 |    17 ||   234
       Dagger            |       |   214 ||   214
  Use: Potion            |       |     7 ||     7
       Scroll            |       |     2 ||     2
 Stab: Sleeping          |     3 |     1 ||     4
Armor: Robe              |    76 |    62 ||   138
Dodge: Dodged            |    90 |   148 ||   238
